 Dungeon Crawl Stone Soup version 0.26.0-7-g794d0892b4 (webtiles) character file.

Game seed: 2552977788995680796

54 jackrogers the Ruffian (level 3, -1/36 HPs)
             Began as a Troll Fighter on Jan 11, 2021.
             Slain by a goblin
             ... wielding a +2 dagger of venom
              (5 damage)
             ... on level 2 of the Dungeon.
             The game lasted 00:01:40 (1651 turns).

jackrogers the Ruffian (Troll Fighter)              Turns: 1651, Time: 00:01:41

Health: -1/36      AC:  6    Str: 25    XL:     3   Next: 66%
Magic:  2/2        EV:  8    Int:  4    God:
Gold:   83         SH:  9    Dex:  9    Spells: 2/2 levels left

rFire    + . .     SeeInvis .     - Unarmed
rCold    . . .     Faith    .   b - +0 kite shield
rNeg     . . .     Spirit   .   a - +0 robe
rPois    .         Reflect  .   (helmet restricted)
rElec    .         Harm     .   (no cloak)
rCorr    .         Rampage  .   (gloves unavailable)
Will     .....                  (boots unavailable)
Stlth    +.........             (no amulet)
HPRegen  0.52/turn              m - ring of flight {+Fly, !d}
MPRegen  0.08/turn              p - ring of protection from fire {rF+, !d}

@: lethally poisoned (-1 -> -21)
A: large, unfitting armour, claws 3, regeneration 1, shaggy fur 1, tough skin 3
a: Evoke Flight


You were on level 2 of the Dungeon.
You visited 1 branch of the dungeon, and saw 3 of its levels.

You collected 83 gold pieces.

Inventory:

Hand Weapons
 d - a +0 club
   (You took it off a goblin on level 1 of the Dungeon)
 e - a cursed -1 dagger
   (You took it off a goblin on level 1 of the Dungeon)
 h - a +0 club
   (You took it off a goblin on level 1 of the Dungeon)
Armour
 a - a +0 robe (worn)
 b - a +0 kite shield (worn)
Jewellery
 m - a ring of flight (left claw) {+Fly, !d}
   (You found it on level 2 of the Dungeon)
 p - a ring of protection from fire (right claw) {rF+, !d}
   (You found it on level 2 of the Dungeon)
Potions
 c - 3 potions of might
 g - a potion of mutation {!q}
 j - a potion of curing
 l - a potion of brilliance
 o - a potion of resistance


   Skills:
 - Level 2.4 Fighting
 - Level 2.4 Dodging
 + Level 2.9 Shields
 * Level 3.5 Unarmed Combat


You had 2 spell levels left.
You didn't know any spells.
Your spell library was empty.

Dungeon Overview and Level Annotations

Branches:
Dungeon (3/15)

Altars:
Ashenzari
Sif Muna
Wu Jian
The Shining One


Innate Abilities, Weirdness & Mutations

You are too large for most types of armour.
You have claws for hands.
Your natural rate of healing is unusually fast.
You are covered in fur. (AC +1)
You have extremely tough skin. (AC +3)


Message History

There is a stone staircase leading down here.
You climb downwards.
A hobgoblin and an orc come into view.
The orc shouts!
The hobgoblin shouts!
You hear a shout!
You block the orc's attack. The orc hits you but does no damage.
The orc closely misses you.
A goblin comes into view. It is wielding a +2 dagger of venom.
The hobgoblin moves out of view.
There is a stone staircase leading up here.
Spoiler Alert: The worm can hit for moderate damage in melee!
You closely miss the orc. You block the orc's attack. x2
The orc hits you but does no damage. The orc hits you but does no damage.
The giant cockroach bites you but does no damage.
The goblin hits you but does no damage. You block the orc's attack.
The orc hits you with a +0 flail.
You climb upwards.
There is a stone staircase leading down here.
Spoiler Alert: The worm can hit for moderate damage in melee!
You scratch the giant cockroach.
You kill the giant cockroach!
The goblin hits you but does no damage. The orc hits you but does no damage.
You block the orc's attack. You block the orc's attack.
You scratch the orc. The orc hits you but does no damage.
Spoiler Alert: The worm can hit for moderate damage in melee!
You scratch the orc. The orc hits you but does no damage.
You barely miss the orc. The orc hits you with a +0 flail!
You closely miss the orc. You block the orc's attack.
You barely miss the orc. You closely miss the orc.
The orc completely misses you.
You scratch the orc but do no damage. The orc hits you with a +0 flail!
You claw the orc!
You kill the orc!
You closely miss the goblin. The goblin hits you.
You claw the goblin!
You kill the goblin!
You barely miss the orc. You block the orc's attack.
You scratch the orc. The orc hits you with a +0 dagger.
Spoiler Alert: The worm can hit for moderate damage in melee!
You scratch the orc.
You kill the orc!
You mangle the orc!!
You kill the orc!
You claw the worm! The worm bites you.
You barely miss the worm.
Spoiler Alert: The worm can hit for moderate damage in melee!
You scratch the worm. The worm barely misses you.
You claw the worm!
You kill the worm!
Items here: ))) ††††.
You start resting.
(D) Dungeon
Where to? (Enter - D:3, ? - help)
There is a stone staircase leading down here.
You climb downwards.
You block the orc's attack.
The hobgoblin throws a stone.
You block the stone.
A giant cockroach comes into view.
The goblin hits you with a +2 dagger of venom.
The orc throws a boomerang.
The boomerang hits you but does no damage.
The weapon returns to the orc!
The hobgoblin throws a stone.
The stone hits you. The orc hits you with a +0 hand axe.
There is a stone staircase leading up here.
You see here 2 stones.
Your shield prevents you from hitting the orc.
The orc throws a boomerang.
You block the boomerang.
The weapon returns to the orc!
The goblin closely misses you.
The hobgoblin throws a stone.
The stone barely misses you.
You closely miss the orc. You block the orc's attack.
The goblin hits you but does no damage.
You are poisoned.
The hobgoblin throws a stone.
You block the stone.
You feel sick. The orc hits you with a +0 hand axe.
The goblin hits you but does no damage.
You are more poisoned.
The hobgoblin throws a stone.
You block the stone.
You climb upwards.
You feel sick.
There is a stone staircase leading down here.
Unknown command.
You closely miss the orc.
You feel sick. The orc barely misses you.
The goblin hits you with a +2 dagger of venom.
You are more poisoned.
You barely miss the goblin.
You feel sick. The orc hits you with a +0 hand axe.
The goblin hits you but does no damage.
You are lethally poisoned!
You feel very sick. You block the goblin's attack.
You closely miss the goblin.
You feel sick.
The goblin hits you with a +2 dagger of venom.
* * * LOW HITPOINT WARNING * * *
You are more poisoned.
The orc barely misses you.
* * * LOW HITPOINT WARNING * * *
You feel very sick.
You barely miss the goblin.
* * * LOW HITPOINT WARNING * * *
You feel very sick.
The goblin hits you with a +2 dagger of venom.
You die...

.########.###.##.#####
.##.......# #.##.# )##.#######
#.##.# ##### ......<.# #..#.#
#...# ......#.# ##.#.# #.#.#
#####.#.# #.#.# #.#.# # #.#.#
#.#.# #.#.# # #.#.# ###.#)# #.#.#
# #.#.## #....@# #.#.#
#####....###.#.#g# #.#.#
#......(........o# #.#.#
#.###....###.#.#.###.#.# #.#
#.#..............#.##########
#############..#######...........
##............## ############
_'............# ##...........##


You could see an orc and a goblin.

Vanquished Creatures
  2 worms (D:2)
  3 dart slugs
  3 orcs (D:2)
  2 giant cockroaches
  9 goblins
  2 hobgoblins
  3 jackals (D:1)
  A quokka (D:2)
  A bat (D:1)
  3 frilled lizards
  4 kobolds
  5 rats
38 creatures vanquished.

Notes
Turn   | Place    | Note
-------+----------+-------------------------------------------
     0 | D:1      | jackrogers the Troll Fighter began the quest for the Orb.
     0 | D:1      | Reached XP level 1. HP: 22/22 MP: 0/0
   175 | D:1      | Reached XP level 2. HP: 27/29 MP: 1/1
   396 | D:1      | Reached skill level 3 in Unarmed Combat
   708 | D:2      | Reached XP level 3. HP: 36/36 MP: 2/2
  1095 | D:2      | Found a broken altar of Ashenzari.
  1343 | D:2      | Found a shimmering blue altar of Sif Muna.
  1463 | D:2      | Found a glowing golden altar of the Shining One.
  1464 | D:2      | Found an ornate altar of the Wu Jian Council.
  1649 | D:2      | HP: 9/36 [goblin/+2 dagger of venom (3)]
  1651 | D:2      | HP: 4/36 [poisoned by a goblin]
  1651 | D:2      | Slain by a goblin

Illustrated notes

Levels and vault maps discovered:
D:1:      erik_arrival_blinker_ship, layout_loops_ring,
          kennysheep_decorative_pillar, minmay_misc_feat_doors,
          chequers_serial_rivers_marsh, serial_bayou_pond_e
D:2:      minmay_evil_eye, layout_loops_ring, evilmike_ruin_ashenzari,
          lemuel_blue_sif_altar, nicolae_overflow_hidden_temple,
          roderic_roman_lattice
D:3:      layout_rooms, old_standard_altar, uniq_crazy_yiuf_cottage,
          uniq_grinder, uniq_terence, uniq_jessica

Skill      XL: |  1  2 |
---------------+-------+-----
Unarmed Combat | 3 |  3.5
Fighting       | |  2.4
Dodging        | |  2.4
Shields        | |  2.9

Action                   || total
-------------------------++-------
Melee: Unarmed           ||   103
  Use: Scroll            ||     8
 Stab: Sleeping          ||     1
Armor: Robe              ||    41
Dodge: Dodged            ||    35
Block: Kite shield       ||    51

Table legend: (Time is in decaauts)
 A = Elapsed time spent in this place.
 B = Non-inter-level travel time spent in this place.
 C = Inter-level travel time spent in this place.
 D = Time resting spent in this place.
 E = Time spent auto-exploring this place.
 F = Levels seen in this place.
 G = Mean time per level.
                   A        B        C        D        E       F      G
               +--------+--------+--------+--------+--------+-----+--------+
         Total |   1656 |   1529 |    127 |     57 |   1243 |   3 |  552.0 |
       Dungeon |   1656 |   1529 |    127 |     57 |   1243 |   3 |  552.0 |
               +--------+--------+--------+--------+--------+-----+--------+

Top non-repeatable levels by time:
     D:2: 943 daAuts
     D:1: 704 daAuts
     D:3: 9 daAuts

Table legend:
 A = Kills in this place as a percentage of kills in entire the game.
 B = Kills by you in this place as a percentage of kills by you in the entire game.
 C = Kills by friends in this place as a percentage of kills by friends in the entire game.
 D = Other kills in this place as a percentage of other kills in the entire game.
 E = Experience gained in this place as a percentage of experience gained in the entire game.
 F = Experience gained in this place divided by the number of levels of this place that you have seen.
                   A       B       C       D       E      F
               +-------+-------+-------+-------+-------+----------------------
         Total | 100.0 | 100.0 |   N/A |   N/A | 100.0 |  26.0
       Dungeon | 100.0 | 100.0 |   N/A |   N/A | 100.0 |  26.0
               +-------+-------+-------+-------+-------+----------------------
